 Dungeon Crawl Stone Soup version 0.27-a0-1272-g7c8ad2e407 (webtiles) character file.

Game seed: 12769476511859156364

171 Kinoniko the Skirmisher (level 5, -1/58 HPs)
             Began as an Ogre Berserker on June 11, 2021.
             Was a Believer of Trog.
             Slain by an orc wizard
             ... wielding a +0 dagger
              (4 damage)
             ... on level 6 of the Dungeon.
             The game lasted 00:01:55 (2683 turns).

Kinoniko the Skirmisher (Ogre Berserker)            Turns: 2683, Time: 00:01:56

Health: -1/58      AC:  3    Str: 22    XL:     5   Next: 51%
Magic:  5/5        EV: 10    Int:  8    God:    Trog [**....]
Gold:   64         SH:  0    Dex:  8    Spells: 4/4 levels left

rFire    . . .     SeeInvis .   a - +0 spear
rCold    . . .     Faith    .   (no shield)
rNeg     . . .     Spirit   .   b - +0 animal skin
rPois    .         Reflect  .   (helmet restricted)
rElec    .         Harm     .   (no cloak)
rCorr    .         Rampage  .   (gloves unavailable)
Will     .....                  (boots unavailable)
Stlth    +.........             (no amulet)
HPRegen  0.19/turn              (no ring)
MPRegen  0.09/turn              (no ring)

@: brilliant, on berserk cooldown, slowed, very slow
A: large, unfitting armour, tough skin 1
a: Renounce Religion, Berserk, Trog's Hand


You were on level 6 of the Dungeon.
You worshipped Trog.
Trog was pleased with you.
You visited 1 branch of the dungeon, and saw 4 of its levels.

You collected 64 gold pieces.

Inventory:

Hand Weapons
 a - a +0 spear (weapon)
Armour
 b - a +0 animal skin (worn)
Jewellery
 d - an amulet of the acrobat
 m - a ring of poison resistance
Scrolls
 c - a scroll of identify {unknown}
 e - a scroll of amnesia {unknown}
 f - 2 scrolls of acquirement {unknown}
 g - a scroll of fog {unknown}
 h - a scroll of noise {unknown}
Potions
 i - a potion of berserk rage {unknown}
 j - a potion of curing {unknown}
 k - a potion of might {unknown}
 n - a potion of flight {unknown}


   Skills:
 + Level 5.6 Fighting
 * Level 5.2 Polearms
 - Level 2.6 Dodging


You had 4 spell levels left.
You didn't know any spells.
Your spell library contained the following spells:

 Spells                   Type           Power      Damage    Failure   Level
 Corona                   Hex            0%         N/A       41%         1
 Ensorcelled Hibernation  Hex/Ice        0%         N/A       54%         2
 Confusing Touch          Hex            0%         N/A       78%         3
 Dazzling Flash           Conj/Hex       0%         N/A       78%         3
 Gell's Gravitas          Tloc           0%         N/A       78%         3
 Tukima's Dance           Hex            0%         N/A       78%         3
 Petrify                  Tmut/Erth      0%         N/A       99%         4
 Metabolic Englaciation   Hex/Ice        0%         N/A       100%        5
 Yara's Violent Unravell  Hex/Tmut       0%         3d3       100%        5


Dungeon Overview and Level Annotations

Branches:
Dungeon (3/15)

Altars:

Shops:
D:2 !


Innate Abilities, Weirdness & Mutations

You are too large for most types of armour.
You have tough skin. (AC +1)


Message History

You are too confused!
You are too confused!
You are too confused!
You are too confused!
You are too confused!
You are too confused!
You are too confused!
You are too confused!
You start resting.
Something hits you but does no damage. Something hits you.
You hear some strange, mumbled words.
A puff of flame appears from out of thin air!
The puff of flame hits you!
You feel less confused. Something hits you.
You hear some strange, mumbled words.
A magic dart appears from out of thin air!
The magic dart hits you.
You hit something. Something hits you.
You hit something.
You hear some strange, mumbled words.
A magic dart appears from out of thin air!
The magic dart hits you.
You hit something but do no damage. Something hits you but does no damage.
Something hits you.
* * * LOW HITPOINT WARNING * * *
You miss something. Something hits you.
* * * LOW HITPOINT WARNING * * *
You hit something.
You hear some strange, mumbled words.
A puff of flame appears from out of thin air!
The puff of flame hits you!
* * * LOW HITPOINT WARNING * * *
You hit something but do no damage. Something hits you.
* * * LOW HITPOINT WARNING * * *
Unknown command.
It was a potion of brilliance.
You feel clever all of a sudden. Something hits you.
You die...

o.........
.........
........ .......
#....# #....#
#...)# #....####
##+#{@..# #....#
+))..#
#######....#+##
...............
...............
................
................
..#####+########


There were no monsters in sight!

Vanquished Creatures
  A scorpion (D:6)
  Natasha (D:3)
  3 adders (D:2)
  A worm (D:2)
  A dart slug (D:2)
  5 orcs
  6 ball pythons
  An endoplasm (D:1)
  3 giant cockroaches (D:2)
  3 goblins
  6 hobgoblins
  3 jackals (D:2)
  3 bats
  2 frilled lizards
  8 kobolds
  4 rats (D:1)
51 creatures vanquished.

Vanquished Creatures (others)
  A plant (D:2)
1 creature vanquished.

Grand Total: 52 creatures vanquished

Notes
Turn   | Place    | Note
-------+----------+-------------------------------------------
     0 | D:1      | Kinoniko the Ogre Berserker began the quest for the Orb.
     0 | D:1      | Reached XP level 1. HP: 24/24 MP: 1/1
   427 | D:1      | Reached XP level 2. HP: 17/32 MP: 2/2
  1349 | D:2      | Reached XP level 3. HP: 38/40 MP: 3/3
  1614 | D:2      | Reached ** piety under Trog
  1652 | D:2      | Reached XP level 4. HP: 45/49 MP: 4/4
  1918 | D:2      | Reached skill level 5 in Fighting
  2069 | D:2      | Found Wuwniv's Distillery.
  2434 | D:3      | Noticed Natasha
  2440 | D:3      | Killed Natasha
  2643 | D:3      | You fall into a shaft and drop 3 floors!
  2644 | D:6      | Noticed a scorpion
  2644 | D:6      | Noticed an orc warrior
  2665 | D:6      | Killed a scorpion
  2666 | D:6      | Reached skill level 5 in Polearms
  2666 | D:6      | Reached XP level 5. HP: 57/57 MP: 5/5
  2683 | D:6      | Slain by an orc wizard

Illustrated notes

Levels and vault maps discovered:
D:1:      erik_arrival_blinker_ship, layout_loops_corners, minmay_pentomino_v2
D:2:      layout_basic, serial_shops, nicolae_shop_waterfront,
          minmay_shallow_snake_nest
D:3:      layout_basic, uniq_natasha
D:6:      layout_gridville, grunt_ministairs_12, nrook_loot_triangle,
          uniq_blork_the_orc, uniq_pikel, uniq_edmund

Skill      XL: |  1  2  3  4 |
---------------+-------------+-----
Polearms       | 4 5 |  5.2
Fighting       | 5 |  5.6
Dodging        | |  2.6

Action                   |  1- 3 |  4- 6 || total
-------------------------+-------+-------++-------
Melee: Spear             |   113 |    94 ||   207
Invok: Berserk           |     2 |     2 ||     4
  Use: Potion            |       |     1 ||     1
Armor: Animal skin       |    28 |    21 ||    49
Dodge: Dodged            |    60 |    32 ||    92

Table legend: (Time is in decaauts)
 A = Elapsed time spent in this place.
 B = Non-inter-level travel time spent in this place.
 C = Inter-level travel time spent in this place.
 D = Time resting spent in this place.
 E = Time spent auto-exploring this place.
 F = Levels seen in this place.
 G = Mean time per level.
                   A        B        C        D        E       F      G
               +--------+--------+--------+--------+--------+-----+--------+
         Total |   2703 |   2658 |     45 |    609 |   1730 |   4 |  675.8 |
       Dungeon |   2703 |   2658 |     45 |    609 |   1730 |   4 |  675.8 |
               +--------+--------+--------+--------+--------+-----+--------+

Top non-repeatable levels by time:
     D:1: 1333 daAuts
     D:2: 1052 daAuts
     D:3: 281 daAuts
     D:6: 36 daAuts
